 Dungeon Crawl Stone Soup version 0.31.0-9-g3a7656b989 (webtiles) character file.

Game seed: 438408944400607728

21 HakonGodeson the Ruffian (level 2, -10/13 HPs)
             Began as a Human Shapeshifter on Jan 25, 2024.
             Mangled by Crazy Yiuf
             ... wielding a +3 quarterstaff of chaos
              (14 damage)
             ... on level 2 of the Dungeon.
             The game lasted 00:01:55 (404 turns).

HakonGodeson the Ruffian (Human Shapeshifter)        Turns: 404, Time: 00:01:55

Health: -10/13     AC:  0    Str: 14    XL:     2   Next: 83%
Magic:  2/2        EV: 16    Int: 10    God:
Gold:   23         SH:  0    Dex: 12    Spells: 1/1 levels left

rFire   . .          .
                       - Unarmed
rCold   . . .        (shield currently unavailable)
rNeg    . . .        a - melded +0 animal skin
rPois   .            (no helmet)
rElec   .            (no cloak)
rCorr   .            (no gloves)
SInv    .            (no boots)
Will    .....        (no amulet)
Stlth   +            (no ring)
HPRegen 0.22/turn    (no ring)
MPRegen 0.08/turn

%: no passive effects
@: flux-form, glowing
A: glow, contaminating, reduced hp, explore regen
a: Begin Untransformation


You were on level 2 of the Dungeon.
You were something dangerously unstable.
You visited 1 branch of the dungeon, and saw 2 of its levels.

You collected 23 gold pieces.

Inventory:

Armour
 a - a +0 animal skin (melded)
Talismans
 c - a beast talisman
 d - a flux talisman (active)
Scrolls
 e - a scroll of teleportation
Potions
 b - a potion of lignification


   Skills:
 * Level 1.2 Fighting
 * Level 0.9 Armour
 * Level 2.1 Dodging
 * Level 0.2 Stealth
 * Level 3.3 Unarmed Combat
 * Level 3.2 Shapeshifting


You had one spell level left.
You didn't know any spells.
Your spell library was empty.

Dungeon Overview and Level Annotations

Branches:
Dungeon (2/15)

Altars:

Annotations:
D:2 Crazy Yiuf


Innate Abilities, Weirdness & Mutations

You are something dangerously unstable.
You glow with magical radiation, making you easy to see and hit.
Foes you strike become dangerously contaminated with magical radiation.
Your maximum health is decreased, since you lack skill for your form.
You are incapable of wielding weapons or throwing items.
You regain HP and MP as you explore.


Message History

You hear the flapping of tiny wings.
It was a scroll of butterflies.
As you read the scroll labelled VETIOG AJAACEN, it crumbles to dust.
It is a scroll of identify.
e - a scroll of teleportation You begin transforming.
You continue transforming. x3
Your transformation has ended.
You turn into something dangerously unstable.
Your +0 animal skin melds into your body.
HP restored.
You swap places.
Found a hammer.
Found a runed translucent door.
Crazy Yiuf shouts!
Press: ? - help, v - describe, . - travel
Here: Crazy Yiuf, wielding a +3 quarterstaff of chaos and wearing a +0 cloak (fire blocked by a runed translucent door)
The floor.
Press: ? - help, v - describe, . - travel
Here: Crazy Yiuf, wielding a +3 quarterstaff of chaos and wearing a +0 cloak (fire blocked by a runed translucent door)
The floor.
You open the door. You hit Crazy Yiuf.
Crazy Yiuf begins to glow.
Crazy Yiuf is lightly wounded.
Crazy Yiuf barely misses you.
You hit Crazy Yiuf.
Crazy Yiuf glows dangerously bright.
Crazy Yiuf is moderately wounded.
Crazy Yiuf laughs, "Island canine snail!"
Crazy Yiuf barely misses you.
You hit Crazy Yiuf but do no damage.
Crazy Yiuf shudders as magic cascades through him.
Crazy Yiuf twists and deforms.
Crazy Yiuf is moderately wounded.
Crazy Yiuf misses you.
You hit Crazy Yiuf.
Crazy Yiuf begins to glow.
Crazy Yiuf is heavily wounded.
Crazy Yiuf hits you with a +3 quarterstaff of chaos!
Ouch! That really hurt!
You hit Crazy Yiuf.
Crazy Yiuf glows dangerously bright.
Crazy Yiuf is heavily wounded.
Crazy Yiuf says, "Ten sing-song rumpyflump!"
Crazy Yiuf hits you with a +3 quarterstaff of chaos!
Ouch! That really hurt!
You die...

#####
#)..#
#...#
*...*
*#g#*
♣p♣♣ ♣♣.♣
*********
♣.♣♣
*,,,,,,,*
♣♣.♣
*,*******
♣♣.♣♣ *,*
♣♣bb.♣
*,*
♣bbb.♣
****,*
#bbb.#
,,,,,*


##bbbb# You could see Crazy Yiuf (heavy contam, misshapen).

Vanquished Creatures
  A bat (D:1)
  2 endoplasms
  A giant cockroach (D:2)
  3 goblins (D:2)
  3 hobgoblins
  2 jackals (D:2)
  A quokka (D:1)
  A frilled lizard (D:1)
  3 rats
17 creatures vanquished.

Notes
Turn   | Place    | Note
-------+----------+-------------------------------------------
     0 | D:1      | HakonGodeson the Human Shapeshifter began the quest for the
                  | Orb.
     0 | D:1      | Reached XP level 1. HP: 15/15 MP: 1/1
   136 | D:1      | Reached XP level 2. HP: 21/21 MP: 2/2
   394 | D:2      | Found a runed translucent door.
   395 | D:2      | Noticed Crazy Yiuf
   404 | D:2      | Mangled by Crazy Yiuf

Illustrated notes

Levels and vault maps discovered:
D:1:      dpeg_arrival_fog, layout_rooms
D:2:      layout_basic, serial_forest, infiniplex_forest_clump_long,
          infiniplex_forest_clump_medium, infiniplex_forest_straight_4,
          infiniplex_forest_clump_curved, eino_tiny_chamber, minmay_unequal,
          uniq_crazy_yiuf_cottage

Action                     || total
---------------------------++-------
  Melee: Unarmed           ||    59
         Punch             ||     1
    Use: Scroll            ||     4
 Armour: Animal skin       ||    24
         Skin              ||     2
  Dodge: Dodged            ||    33
   Form: Flux              ||     1
